 Dungeon Crawl Stone Soup version 0.28.0-43-g3370ac3207 (webtiles) character file.

Game seed: 17471675164763476285

65 themarg the Caller (level 4, 0/30 HPs)
             Began as a Merfolk Summoner on Mar 20, 2022.
             Succumbed to an adder's poison
             ... on level 2 of the Dungeon.
             The game lasted 00:10:16 (2585 turns).

themarg the Caller (Merfolk Summoner)               Turns: 2585, Time: 00:10:16

Health: 0/30       AC:  3    Str:  8    XL:     4   Next: 13%
Magic:  16/16      EV: 13    Int: 16    God:
Gold:   92         SH:  0    Dex: 14    Spells: 4/8 levels left

rFire   . . .      SeeInvis .   e - +0 spear
rCold   . . .      Faith    .   (no shield)
rNeg    . . .      Spirit   .   k - +0 robe of Geanaakhu {MP+9}
rPois   .          Reflect  .   (no helmet)
rElec   .          Harm     .   i - +0 cloak
rCorr   .          Rampage  .   (no gloves)
Will    .....                   (no boots)
Stlth   ++........              (no amulet)
HPRegen 0.10/turn               (no ring)
MPRegen 0.15/turn               (no ring)

@: lethally poisoned (0 -> -3)
A: (nimble swimmer 2), mertail
a: no special abilities


You were on level 2 of the Dungeon.
You visited 1 branch of the dungeon, and saw 2 of its levels.

You collected 92 gold pieces.

Inventory:

Hand Weapons
 e - a +0 spear (weapon)
Armour
 i - a +0 cloak (worn)
 k - the +0 robe of Geanaakhu (worn) {MP+9}
   (You found it on level 2 of the Dungeon)

   MP:        It affects your magic capacity (+9).
Scrolls
 b - a scroll of teleportation
 c - a scroll of identify
Potions
 a - a potion of haste {unknown}
 d - a potion of might {unknown}
 f - a potion of heal wounds {unknown}
 g - a potion of mutation {unknown}
 h - a potion of curing {unknown}
 j - a potion of flight {unknown}
 l - a potion of brilliance {unknown}


   Skills:
 + Level 3.7 Dodging
 + Level 3.2 Stealth
 + Level 2.6 Spellcasting
 + Level 4.3 Summonings


You had 4 spell levels left.
You knew the following spells:

 Your Spells              Type           Power      Damage    Failure   Level
a - Summon Small Mammal   Summ           64%        N/A       3%          1
b - Call Canine Familiar  Summ           16%        N/A       10%         3

Your spell library contained the following spells:

 Spells                   Type           Power      Damage    Failure   Level
 Call Imp                 Summ           16%        N/A       4%          2
 Summon Guardian Golem    Hex/Summ       9%         N/A       24%         3
 Summon Lightning Spire   Summ/Air       9%         N/A       61%         4


Dungeon Overview and Level Annotations

Branches:
Dungeon (2/15)

Altars:

Annotations:
D:2 Terence


Innate Abilities, Weirdness & Mutations

((You are very nimble when in or above water. (Stealth+, EV+, Speed+++)))
Your lower body shifts to a powerful aquatic tail in water.


Message History

Your rat bites Terence but does no damage.
The bat hits you.
Your hound bites the hobgoblin.
The hobgoblin dies!
Your hound closely misses the bat.
Terence hits you from afar with a +0 trident of distortion!
* * * LOW HITPOINT WARNING * * *
Space warps around you.
* * * LOW HITPOINT WARNING * * *
Your rat barely misses Terence.
Your quokka bites Terence.
The bat misses you. The bat misses you.
Your quokka bites Terence.
Your rat barely misses Terence.
The bat barely misses you.
Your hound closely misses the bat.
The bat barely misses you.
Your hound misses the bat.
An adder comes into view.
The bat hits you.
* * * LOW HITPOINT WARNING * * *
Your quokka barely misses Terence.
Terence barely misses your hound.
Your hound barely misses the bat.
Your quokka bites Terence but does no damage.
The bat misses you.
Your rat bites Terence but does no damage.
The bat hits you but does no damage.
You barely miss the adder. The bat hits your hound. The adder bites you.
* * * LOW HITPOINT WARNING * * *
You are lethally poisoned!
The adder poisons you! The adder closely misses you.
You barely miss the adder.
* * * LOW HITPOINT WARNING * * *
You feel sick. The adder barely misses you.
You hit the adder.
The adder is lightly wounded.
* * * LOW HITPOINT WARNING * * *
You feel sick.
Something hits your quokka but does no damage.
Something closely misses your quokka. The adder closely misses you.
The adder barely misses you.
As you read the scroll labelled DAUGYBBEQO, it crumbles to dust.
It is a scroll of identify.
b - a scroll of teleportation You die...

........+
#......#
###+#......#
#..........#
#..........#
###...r......#
#rb...r#######
#h#....#
#@#....#
#S#....#
..#....#
#########


You could see an adder (ally target), a bat, a friendly hound (summoned) and a
friendly quokka (summoned).

Vanquished Creatures
  2 dart slugs (D:1)
  2 bats
  2 endoplasms (D:1)
  A goblin (D:1)
  3 hobgoblins
  3 jackals (D:2)
  2 frilled lizards
  3 rats
18 creatures vanquished.

Vanquished Creatures (collateral kills)
  An adder (D:2)
  2 bats (D:1)
  3 endoplasms
  2 giant cockroaches
  4 hobgoblins
  2 jackals (D:2)
  3 quokkas (D:1)
  3 ball pythons
  2 frilled lizards
  A goblin (D:2)
  2 kobolds
  4 rats
29 creatures vanquished.

Grand Total: 47 creatures vanquished

Notes
Turn   | Place    | Note
-------+----------+-------------------------------------------
     0 | D:1      | themarg the Merfolk Summoner began the quest for the Orb.
     0 | D:1      | Reached XP level 1. HP: 13/13 MP: 3/3
   782 | D:1      | Reached XP level 2. HP: 19/19 MP: 1/5
  1421 | D:1      | Reached XP level 3. HP: 24/24 MP: 4/6
  1929 | D:2      | Learned a level 3 spell: Call Canine Familiar
  2320 | D:2      | Reached XP level 4. HP: 30/30 MP: 5/7
  2358 | D:2      | Identified the +0 robe of Geanaakhu {MP+9}
  2551 | D:2      | Noticed Terence
  2584 | D:2      | HP: 1/30 [poisoned by an adder]
  2585 | D:2      | Succumbed to an adder's poison

Illustrated notes

Levels and vault maps discovered:
D:1:      nzn_arrival_water_spiral, layout_loops_corners, minmay_misc_feat_doors
D:2:      layout_basic, grunt_decor_one_mirror, uniq_terence

Skill      XL: |  1  2  3 |
---------------+----------+-----
Dodging        | 3 |  3.7
Stealth        | 3 |  3.2
Spellcasting   | |  2.6
Summonings     | |  4.3

Action                   |  1- 3 |  4- 6 || total
-------------------------+-------+-------++-------
Melee: Unarmed           |     8 |       ||     8
       Short sword       |     8 |       ||     8
       Spear             |    65 |     6 ||    71
       Punch             |     1 |       ||     1
 Cast: Summon Small Mamm |    59 |     8 ||    67
       Call Canine Famil |     1 |     1 ||     2
  Use: Scroll            |       |     1 ||     1
 Stab: Sleeping          |     1 |     1 ||     2
       Distracted        |     1 |       ||     1
Armor: Robe              |    13 |     3 ||    16
Dodge: Dodged            |    43 |    20 ||    63
